 Dungeon Crawl Stone Soup version 0.28.0-43-g3370ac3207 (webtiles) character file.

Game seed: 7174314842385195655

75 js3 the Conjurer (level 4, -11/24 HPs)
             Began as a Deep Elf Conjurer on Mar 17, 2022.
             Killed from afar by Ijyb (35 damage)
             ... with a bolt of acid
             ... on level 2 of the Dungeon.
             The game lasted 00:03:44 (1623 turns).

js3 the Conjurer (Deep Elf Conjurer)                Turns: 1623, Time: 00:03:44

Health: -11/24     AC:  2    Str:  4    XL:     4   Next: 11%
Magic:  6/11       EV: 12    Int: 25    God:
Gold:   53         SH:  0    Dex: 13    Spells: 7/10 levels left

rFire   . . .      SeeInvis .   (no weapon)
rCold   . . .      Faith    .   (no shield)
rNeg    . . .      Spirit   .   a - +0 robe
rPois   .          Reflect  .   (no helmet)
rElec   .          Harm     .   (no cloak)
rCorr   .          Rampage  .   (no gloves)
Will    .....                   (no boots)
Stlth   ++........              (no amulet)
HPRegen 0.08/turn               (no ring)
MPRegen 0.12/turn               (no ring)

@: very slightly contaminated
A: no striking features
a: no special abilities


You were on level 2 of the Dungeon.
You visited 1 branch of the dungeon, and saw 2 of its levels.

You collected 53 gold pieces.

Inventory:

Armour
 a - a +0 robe (worn)
Scrolls
 b - 2 scrolls of identify {unknown}
Potions
 c - a potion of lignification {unknown}


   Skills:
 * Level 2.8 Dodging
 * Level 2.6 Stealth
 + Level 3.7 Spellcasting
 * Level 5.7 Conjurations


You had 7 spell levels left.
You knew the following spells:

 Your Spells              Type           Power      Damage    Failure   Level
a - Magic Dart            Conj           100%       1d8       1%          1
b - Searing Ray           Conj           66%        2d6       1%          2

Your spell library contained the following spells:

 Spells                   Type           Power      Damage    Failure   Level
 Dazzling Flash           Conj/Hex       36%        N/A       9%          3
 Fulminant Prism          Conj/Hex       9%         3d7       28%         4
 Iskenderun's Mystic Bla  Conj/Tloc      18%        2d6       28%         4


Dungeon Overview and Level Annotations

Branches:
Dungeon (2/15)

Altars:

Annotations:
D:2 Ijyb


Message History

Ijyb is nearby!
You are too depleted to draw on your mana recklessly!
Ijyb is nearby!
You are too depleted to draw on your mana recklessly!
Ijyb is nearby!
A goblin comes into view. It is wielding a +0 dagger.
The goblin shouts!
A goblin comes into view. It is wielding a +0 club.
The magic dart hits the goblin!
You kill the goblin!
There is a stone staircase leading up here.
You climb upwards.
There is a stone staircase leading down here.
You start resting.
Magic restored.
You climb downwards.
Level annotation: Ijyb
There is a stone staircase leading up here.
Casting: Magic Dart (safe; 1% risk of failure)
Confirm with . or Enter, or press ? or * to list all spells.
Aiming: Searing Ray (safe; 1% risk of failure)
Press: ? - help, Shift-Dir - straight line, f - Ijyb
Aim: Ijyb, wielding a +0 dagger, wearing a +0 leather armour and carrying a wand of acid (4) (76% to hit)
You miscast Searing Ray.
You are very lightly contaminated with residual magic.
Nothing appears to happen.
Casting: Searing Ray (safe; 1% risk of failure)
Confirm with . or Enter, or press ? or * to list all spells.
Aiming: Searing Ray (safe; 1% risk of failure)
Press: ? - help, Shift-Dir - straight line, f - goblin, p - Ijyb
Aim: a goblin, wielding a +0 club (76% to hit)
The searing ray misses Ijyb.
The searing ray hits the goblin.
The goblin is severely wounded. (Press . to maintain the ray.)
The searing ray hits Ijyb.
Ijyb is lightly wounded.
The searing ray misses the goblin.
Ijyb zaps a wand.
The bolt of acid hits you!!
Ouch! That really hurt!
You die...

.g..)# #.# #÷# # ##..#######.##
#<# # #..gg..).....########.## #
#.#######.........##...###### #.#
#.#.....#............
##.##.#######...g.....##...######
............#.##g###......##
......#####.#.##.#######..#
##†#..#####.)...@.# #.)#
...#.............<# #..# ..
#.########.###.# #..# ) .. ...#
#.# #... . ##. ###.# #.# #. ..#
#.# ### #.# #.# #.#


You could see Ijyb and a goblin.

Vanquished Creatures
  Robin (D:2)
  5 endoplasms
  15 goblins
  13 hobgoblins
  4 jackals (D:1)
  A quokka (D:1)
  3 ball pythons
  5 bats
  2 frilled lizards (D:1)
  4 kobolds
  3 rats
56 creatures vanquished.

Vanquished Creatures (others)
  A fungus (D:1)
1 creature vanquished.

Grand Total: 57 creatures vanquished

Notes
Turn   | Place    | Note
-------+----------+-------------------------------------------
     0 | D:1      | js3 the Deep Elf Conjurer began the quest for the Orb.
     0 | D:1      | Reached XP level 1. HP: 10/10 MP: 6/6
   217 | D:1      | Reached XP level 2. HP: 15/15 MP: 2/8
   473 | D:1      | Reached skill level 5 in Conjurations
   708 | D:1      | Reached XP level 3. HP: 19/19 MP: 8/10
  1046 | D:1      | Learned a level 2 spell: Searing Ray
  1243 | D:2      | Noticed Robin
  1250 | D:2      | Killed Robin
  1504 | D:2      | Reached XP level 4. HP: 24/24 MP: 8/11
  1520 | D:2      | Noticed Ijyb
  1623 | D:2      | Killed from afar by Ijyb

Illustrated notes

Levels and vault maps discovered:
D:1:      wander_arrival_fairy_ring, layout_rooms
D:2:      kennysheep_the_goblin_king, layout_loops_ring, serial_glass,
          glass_columns_a, glass_columns_a, chequers_serial_rivers_small_a,
          serial_park_tiny_1, minmay_tripent, uniq_robin

Skill      XL: |  1  2 |
---------------+-------+-----
Conjurations   | 5 |  5.7
Dodging        | |  2.8
Stealth        | |  2.6
Spellcasting   | |  3.7

Action                   |  1- 3 |  4- 6 || total
-------------------------+-------+-------++-------
Melee: Unarmed           |     1 |       ||     1
 Cast: Magic Dart        |    80 |    11 ||    91
       Searing Ray       |     4 |     1 ||     5
Armor: Robe              |     3 |       ||     3
Dodge: Dodged            |     9 |       ||     9
